 Dungeon Crawl Stone Soup version 0.14-a0-1330-g3eed206 (webtiles) character file.

211 PolkaDot the Ducker (level 4, -6/35 HPs)
             Began as a Vampire Death Knight on Dec 6, 2013.
             Was a Believer of Yredelemnul.
             Killed from afar by an orc wizard (7 damage)
             ... with a puff of flame
             ... on Level 3 of the Dungeon.
             The game lasted 00:06:08 (1902 turns).

PolkaDot the Ducker (Vampire Death Knight)          Turns: 1902, Time: 00:06:09

HP  -6/35        AC  3     Str 12      XL: 4   Next: 37%
MP   5/5         EV 13     Int 13      God: Yredelemnul [**....]
Gold 118         SH  0     Dex 14      Spells:  0 memorised,  3 levels left

rFire  . . .     SeeInvis +     a - +2,+1 short sword
rCold  . . .     Clarity  .     f - +0 robe (curse)
rNeg   . . .     Conserve .     (no shield)
rPois  .         rCorr    .     (no helmet)
rElec  .         rRot     .     n - +0 cloak
SustAb . .       Spirit   .     (no gloves)
rMut   .         Warding  .     (no boots)
Saprov . . .     Stasis   .     (no amulet)
                                (no ring)
                                (no ring)

@: regenerating quickly, very slightly contaminated, slightly resistant to
hostile enchantments, unstealthy
A: fangs 3, see invisible, unbreathing
a: Animate Remains, Recall Undead Slaves, Injury Mirror, Renounce Religion


You were on level 3 of the Dungeon.
You worshipped Yredelemnul.
Yredelemnul was pleased with you.
You were full.

You visited 1 branch of the dungeon, and saw 3 of its levels.

You collected 118 gold pieces.

Inventory:

Hand weapons
 a - a +2,+1 short sword (weapon)
Armour
 f - a cursed +0 robe (worn)
 g - a +0 elven leather armour
 n - a +0 cloak (worn)
Scrolls
 i - a scroll of blinking
Potions
 c - a potion of heal wounds {unknown}
 d - a potion of resistance {unknown}
 e - a potion of brilliance
 h - 2 potions of paralysis {unknown}
 j - a potion of agility {unknown}
 k - 2 potions of flight {unknown}
 l - a potion of poison {unknown}
 m - 2 potions of speed {unknown}


   Skills:
 - Level 3.0 Fighting
 - Level 2.1 Short Blades
 - Level 0.7 Armour
 + Level 3.6 Dodging
 - Level 2.4 Invocations


You had 3 spell levels left.
You didn't know any spells.

Dungeon Overview and Level Annotations

Branches:
Dungeon (3/16)

Altars:
Sif Muna


Innate Abilities, Weirdness & Mutations

Your natural rate of healing is unusually fast.
You have razor-sharp teeth.*
You have supernaturally acute eyesight.
You can survive without breathing.*


Message History

The orc wizard is severely wounded.
The orc wizard hits you with an orcish dagger.
* * * LOW HITPOINT WARNING * * *
You hit the orc wizard.
The orc wizard is almost dead.
The orc wizard mumbles some strange words.
The orc wizard flickers and vanishes for a moment.
The orc wizard misses you.
You hit the orc wizard but do no damage.
The orc wizard is almost dead.
The orc wizard casts a spell at you. The puff of flame hits you!
* * * LOW HITPOINT WARNING * * *
You hit the orc wizard.
You kill the orc wizard!
Yredelemnul accepts your kill.
The orc wizard points at you and mumbles some strange words.
The puff of flame hits you!
You die...
Yredelemnul claims you as an undead slave.

## #..z.(##.## ##. .#
#######...## .... .############
#.._..# #..# ............#
#.8.8.# #..# .....######.#
###'### #>.# ..##.# #.# #...#
#..# ..##.# #.# #zz.# #..#
..##.# #.# #≈≈≈# #..# ..##.##
#.# #@>o# ##..### ....<.# #.#
##### #<#.... #.##..#####.##
#.# ##..###
#.##.........####.###########.#
#.###.#####.....(..##.........#
#.###.#####.#####.###.#########
#...........# ### #.#
#####.###############.#
#.................#


You could see an orc wizard, a friendly goblin zombie and a friendly orc zombie.

Vanquished Creatures
  An orc wizard (D:3)
  2 adders (D:2)
  A giant mite (D:3)
  3 giant geckos (D:2)
  An orc (D:3)
  4 hobgoblins
  2 jackals (D:2)
  2 ball pythons
  6 bats
  3 giant cockroaches (D:2)
  3 giant newts (D:1)
  5 goblins
  3 kobolds
  2 quokkas (D:2)
  9 rats
47 creatures vanquished.

Notes
Turn   | Place    | Note
--------------------------------------------------------------
     0 | D:1      | PolkaDot, the Vampire Death Knight, began the quest for the Orb.
     0 | D:1      | Reached XP level 1. HP: 16/16 MP: 1/1
   253 | D:1      | Reached XP level 2. HP: 6/23 MP: 2/2
   985 | D:2      | Reached skill level 3 in Fighting
  1002 | D:2      | Reached XP level 3. HP: 22/29 MP: 4/4
  1177 | D:2      | Acquired Yredelemnul's second power
  1838 | D:3      | Reached XP level 4. HP: 35/35 MP: 1/5
  1870 | D:3      | Found a deep blue altar of Sif Muna.
  1901 | D:3      | HP: 1/35 [orc wizard/puff of flame (6)]
  1902 | D:3      | Killed from afar by an orc wizard

Action                   |  1- 3 |  4- 6 || total
-------------------------+-------+-------++-------
Melee: Short sword       |   136 |    20 ||   156
Invok: Animate Remains   |     8 |     1 ||     9
  Use: Potion            |     1 |     3 ||     4
       Scroll            |     7 |     1 ||     8
 Stab: Distracted        |     1 |       ||     1
